 Dungeon Crawl Stone Soup version 0.23.0 (webtiles) character file.

Game seed: 7700273189599152221

8019 Borgoz the Slicer (level 11, -8/84 HPs)
             Began as a Demonspawn Assassin on Feb 17, 2019.
             Was an Elder of Kikubaaqudgha.
             Mangled by a troll (9 damage)
             ... on level 10 of the Dungeon.
             The game lasted 00:20:52 (10525 turns).

Borgoz the Slicer (Demonspawn Assassin)            Turns: 10525, Time: 00:20:53

Health: -8/84      AC:  8    Str: 13    XL:     11   Next: 4%
Magic:  11/11      EV: 19    Int: 12    God:    Kikubaaqudgha [****..]
Gold:   720        SH:  0    Dex: 17    Spells: 7/10 levels left

rFire    . . .     SeeInvis .   a - +4 dagger (elec)
rCold    . . .     Gourm    .   (no shield)
rNeg     + . .     Faith    .   D - +1 robe {rN+}
rPois    +         Spirit   .   (helmet restricted)
rElec    .         Reflect  .   d - +0 cloak
rCorr    .         Harm     .   u - +0 pair of gloves
MR       .....                  (no boots)
Stlth    ++++++....             m - amulet of the acrobat
HPRegen  0.24/turn              k - ring of poison resistance
MPRegen  0.12/turn              (no ring)

@: no status effects
A: antennae 1, thin metallic scales 2, nightstalker 2, rot immunity
a: Receive Corpses, Renounce Religion


You were on level 10 of the Dungeon.
You worshipped Kikubaaqudgha.
Kikubaaqudgha was greatly pleased with you.
You were not hungry.

You visited 2 branches of the dungeon, and saw 11 of its levels.
You also visited: Ossuary.

You collected 825 gold pieces.
You spent 105 gold pieces at shops.

Inventory:

Hand Weapons
 a - a +4 dagger of electrocution (weapon)
 b - a +0 blowgun
 J - the +9 sword of Zonguldrok {reap}
   (You found it on level 9 of the Dungeon)

   If a monster killed with it leaves a corpse in good enough shape, the corpse
   will be animated as a zombie friendly to the killer.
Missiles
 e - 29 poisoned needles
 f - 2 curare-tipped needles
 v - 2 throwing nets (quivered)
Armour
 d - a +0 cloak (worn)
 p - a +3 leather armour of cold resistance
 u - a +0 pair of gloves (worn)
 w - a +4 ring mail of fire resistance
 B - a +2 chain mail of cold resistance
 D - a +1 robe of positive energy (worn)
 E - a +1 leather armour of fire resistance
Jewellery
 k - a ring of poison resistance (left hand)
 m - an amulet of the acrobat (around neck)
 I - an uncursed ring of protection from fire {unknown}
Wands
 c - a wand of acid (26)
 t - a wand of polymorph (2)
 z - a wand of paralysis (5)
 F - a wand of flame (6)
Scrolls
 i - a scroll of torment {unknown}
 j - 5 scrolls of teleportation
 l - 5 scrolls of remove curse
 o - 2 scrolls of enchant armour {unknown}
 s - a scroll of fog {unknown}
 y - 4 scrolls of amnesia
 A - 2 scrolls of fear
 C - a scroll of magic mapping
 L - a scroll of identify
Potions
 h - 3 potions of curing
 n - 8 potions of flight
 q - 3 potions of resistance
 r - 7 potions of brilliance
 x - 2 potions of cancellation
 G - a potion of magic
 H - 2 potions of agility
Comestibles
 g - 18 rations
 K - 8 chunks of flesh


   Skills:
 + Level 7.1 Fighting
 * Level 9.3 Short Blades
 - Level 1.7 Throwing
 + Level 1.5 Armour
 * Level 9.1 Dodging
 + Level 7.8 Stealth


You had 7 spell levels left.
You knew the following spells:

 Your Spells              Type           Power        Failure   Level  Hunger
a - Regeneration          Chrm/Necr      #.........   69%         3    ####...

Your spell library contained the following spells:

 Spells                   Type           Power        Failure   Level  Hunger
 Animate Skeleton         Necr           N/A          32%         1    ##.....
 Beastly Appendage        Tmut           #.....       32%         1    ##.....
 Pain                     Necr           #...         32%         1    ##.....
 Sting                    Conj/Pois      #...         32%         1    ##.....
 Poisonous Vapours        Pois/Air       #.....       45%         2    ###....
 Sticks to Snakes         Tmut           #.......     45%         2    ###....
 Sublimation of Blood     Necr           #.........   45%         2    ###....
 Mephitic Cloud           Conj/Pois/Air  #.......     69%         3    ####...
 Spider Form              Tmut/Pois      #.........   69%         3    ####...
 Ice Form                 Ice/Tmut       #.......     97%         4    #####..
 Olgreb's Toxic Radiance  Pois           #.......     97%         4    #####..
 Blade Hands              Tmut           #.........   100%        5    ######.
 Bolt of Draining         Conj/Necr      #.........   100%        5    ######.
 Bolt of Magma            Conj/Fire/Erth #.........   100%        5    ######.
 Borgnjor's Vile Clutch   Necr/Erth      #.........   100%        5    ######.
 Dispel Undead            Necr           #.......     100%        5    ######.
 Excruciating Wounds      Chrm/Necr      #.........   100%        5    ######.
 Iskenderun's Battlesphe  Conj/Chrm      #.......     100%        5    ######.
 Venom Bolt               Conj/Pois      #.........   100%        5    ######.
 Iron Shot                Conj/Erth      #.........   100%        6    #######
 Simulacrum               Ice/Necr       #.........   100%        6    #######
 Orb of Destruction       Conj           #.........   100%        7    #######
 Spellforged Servitor     Conj/Summ      #.........   100%        7    #######


Dungeon Overview and Level Annotations

Branches:
Dungeon (10/15)            Temple (1/1) D:4             Orc (0/2) D:10
   Lair: D:8-11

Altars:
Ashenzari
Cheibriados
Dithmenos
Elyvilon
Fedhas
Gozag
Hepliaklqana
Kikubaaqudgha
Makhleb
Nemelex Xobeh
Okawaru
Qazlal
Ru
Sif Muna
Trog
Uskayaw
Vehumet
Wu Jian
Xom
Yredelemnul
Zin
The Shining One

Shops:
D:5 *   D:6 [   D:9 ?


Innate Abilities, Weirdness & Mutations

You have a pair of small antennae on your head.
You are mostly covered in thin metallic scales. (AC +3)
You are significantly more attuned to the shadows.
You are immune to rotting.


Message History

The gnoll sergeant barely misses you.
You hit the gnoll sergeant but do no damage.
Lightning courses through the gnoll sergeant!
You kill the gnoll sergeant!
Kikubaaqudgha accepts your kill.
You feel sick.
You hit the troll. Lightning courses through the troll!
The troll is heavily wounded.
You barely miss the troll.
The troll is heavily wounded.
You feel sick. The troll bites you!
* * * LOW HITPOINT WARNING * * *
The troll claws you but does no damage. The troll closely misses you.
Okay, then.
Okay, then.
You feel better. The troll bites you.
* * * LOW HITPOINT WARNING * * *
The troll closely misses you. The troll claws you!
You die...
Kikubaaqudgha rasps: "You have failed me!
Welcome... death!"

#.#........# #.....#
#.#........# #.#####
#.##.......# #†#8...8#
#.##.......###.#.....#
...'...........#.K>O.#
#.##........##.#Ko.T.#
...#........##.#8{{O8#
...#........##.###o###.
...#........##..@To..^..
..)#........##.#######..
...#........##......
...#.......[........
...#................
...#............####
...#..............
...#...........####
...............#


You could see a troll, an ogre and 2 orcs.

Vanquished Creatures
  A two-headed ogre (D:9)
  Pikel (D:7)
  Joseph (D:7)
  The ghost of fakechuck the Sneak, an amateur OpAK of Lugonu (D:6)
  2 hippogriffs
  Sigmund (D:3)
  A steam dragon (D:7)
  Edmund (D:3)
  Duvessa (D:5)
  A water moccasin (D:7)
  A black bear (D:10)
  2 orc warriors
  A sky beast (D:6)
  2 ice beasts (D:5)
  A phantom (D:7)
  A slave (D:7)
  10 ogres
  3 centaurs
  A necrophage (D:8)
  5 big kobolds
  8 bullfrogs
  A wyvern zombie (D:10)
  A gnoll sergeant (D:10)
  5 scorpions
  Dowan (D:5)
  5 wights (D:8)
  A howler monkey (D:5)
  7 crimson imps
  10 hounds
  3 bullfrog zombies
  7 orc wizards
  A bullfrog skeleton (D:9)
  12 orc priests
  A centaur skeleton (D:3)
  3 jellies
  Ijyb (D:5)
  5 iguanas
  7 worker ants
  A killer bee zombie (D:9)
  2 hound zombies
  8 mummies (Ossuary)
  4 gnolls
  12 adders
  A howler monkey skeleton (D:4)
  5 oozes
  An adder zombie (D:6)
  2 adder skeletons
  4 worms
  6 leopard geckos
  55 orcs
  9 bats
  5 giant cockroaches
  12 goblins
  4 hobgoblins
  11 jackals
  17 kobolds
  4 quokkas
  A ball python skeleton (D:4)
  6 frilled lizards
  2 gnoll zombies (Ossuary)
  A goblin zombie (D:6)
  3 hobgoblin zombies (Ossuary)
  A leopard gecko zombie (D:5)
  3 orc zombies (Ossuary)
  A quokka zombie (D:6)
  7 rats
305 creatures vanquished.

Vanquished Creatures (others)
  A slave (D:7)
  A hound (D:7)
2 creatures vanquished.

Grand Total: 307 creatures vanquished

Notes
Turn   | Place    | Note
-------+----------+-------------------------------------------
     0 | D:1      | Borgoz the Demonspawn Assassin began the quest for the Orb.
     0 | D:1      | Reached XP level 1. HP: 16/16 MP: 1/1
    22 | D:1      | Reached skill level 1 in Dodging
    83 | D:1      | Gained mutation: You are partially covered in thin metallic
                  | scales. (AC +2) [demonic ancestry]
    83 | D:1      | Reached XP level 2. HP: 22/22 MP: 2/2
   464 | D:1      | Gained mutation: You are mostly covered in thin metallic
                  | scales. (AC +3) [demonic ancestry]
   464 | D:1      | Reached XP level 3. HP: 22/27 MP: 3/3
   925 | D:2      | Found an iron altar of Okawaru.
  1445 | D:2      | Reached XP level 4. HP: 34/34 MP: 4/4
  2269 | D:3      | Found a deep blue altar of Sif Muna.
  2289 | D:3      | Noticed Sigmund
  2298 | D:3      | Killed Sigmund
  2298 | D:3      | Gained mutation: You have a pair of small antennae on your
                  | head. [demonic ancestry]
  2298 | D:3      | Reached XP level 5. HP: 26/41 MP: 5/5
  2298 | D:3      | Gained mutation: You are immune to rotting. [demonic
                  | ancestry]
  2298 | D:3      | Reached XP level 6. HP: 30/47 MP: 6/6
  2830 | D:4      | Noticed Edmund
  3272 | D:3      | Killed Edmund
  3272 | D:3      | Gained mutation: You are slightly more attuned to the
                  | shadows. [demonic ancestry]
  3272 | D:3      | Reached XP level 7. HP: 52/52 MP: 7/7
  3724 | D:4      | Found a staircase to the Ecumenical Temple.
  3743 | Temple   | Entered the Ecumenical Temple
  3909 | Temple   | Became a worshipper of Kikubaaqudgha
  4386 | D:5      | Entered Level 5 of the Dungeon
  4452 | D:5      | Found Cugy's General Store.
  4464 | D:5      | Reached skill level 5 in Stealth
  4544 | D:5      | Reached skill level 5 in Short Blades
  4562 | D:5      | Reached * piety under Kikubaaqudgha
  4562 | D:5      | Identified Kikubaaqudgha's Volume of Necromancy
                  | (Kikubaaqudgha gifted it to you on level 5 of the Dungeon)
  4562 | D:5      | Received a gift from Kikubaaqudgha
  4583 | D:5      | Learned a level 3 spell: Regeneration
  4603 | D:5      | Reached XP level 8. HP: 33/60 MP: 8/8
  4725 | D:5      | Reached skill level 5 in Dodging
  4754 | D:5      | Noticed Ijyb
  4758 | D:5      | Killed Ijyb
  4894 | D:5      | Noticed Dowan
  4897 | D:5      | Noticed Duvessa
  4900 | D:5      | Killed Dowan
  4918 | D:5      | Killed Duvessa
  5099 | D:5      | Found a shimmering altar of Xom.
  5371 | D:6      | Reached ** piety under Kikubaaqudgha
  5416 | D:6      | Reached skill level 5 in Fighting
  5471 | D:6      | Reached XP level 9. HP: 64/68 MP: 9/9
  5522 | D:6      | Found a sand-covered staircase.
  5529 | Ossuary  | Entered an ossuary
  5973 | D:6      | Found a transporter.
  5975 | D:6      | Found a transporter.
  5986 | D:6      | Noticed fakechuck's ghost (amateur OpAK)
  6088 | D:6      | Reached *** piety under Kikubaaqudgha
  6088 | D:6      | Identified Kikubaaqudgha's Incunabulum of Evil Secrets
                  | (Kikubaaqudgha gifted it to you on level 6 of the Dungeon)
  6088 | D:6      | Received a gift from Kikubaaqudgha
  6122 | D:6      | Found Muojaeg's Antique Armour Shop.
  6543 | D:6      | Killed fakechuck's ghost
  7127 | D:7      | Noticed Pikel
  7155 | D:7      | Killed Pikel
  7155 | D:7      | Gained mutation: You are significantly more attuned to the
                  | shadows. [demonic ancestry]
  7155 | D:7      | Reached XP level 10. HP: 44/76 MP: 10/10
  7206 | D:7      | Noticed Joseph
  7231 | D:7      | Killed Joseph
  8604 | D:8      | Found a bloodstained altar of Trog.
  8804 | D:8      | Reached **** piety under Kikubaaqudgha
  8988 | D:9      | Noticed a two-headed ogre
  9309 | D:9      | Killed a two-headed ogre
  9833 | D:9      | Found Zeguhid's Magic Scroll Shoppe.
  9846 | D:9      | Bought a scroll of teleportation for 45 gold pieces
  9846 | D:9      | Bought a scroll of identify for 30 gold pieces
  9846 | D:9      | Bought a scroll of identify for 30 gold pieces
  9953 | D:9      | Found the +9 sword of Zonguldrok {reap}
 10222 | D:10     | Entered Level 10 of the Dungeon
 10413 | D:10     | Reached skill level 1 in Armour
 10459 | D:10     | Found a staircase to the Orcish Mines.
 10492 | D:10     | Reached XP level 11. HP: 77/84 MP: 11/11
 10524 | D:10     | HP: 2/84 [troll (17)]
 10525 | D:10     | Mangled by a troll

Skill      XL: |  1  2  3  4  5  6  7  8  9 10 |
---------------+-------------------------------+-----
Dodging        | 1 2 3 4 6 7 9 |  9.1
Short Blades   | 2 3 4 5 6 7 9 |  9.3
Stealth        | 4 5 6 7 |  7.8
Fighting       | 3 4 5 6 7 |  7.1
Armour         | 1 |  1.5
Throwing       | |  1.7

Action                   |  1- 3 |  4- 6 |  7- 9 | 10-12 || total
-------------------------+-------+-------+-------+-------++-------
Melee: Dagger            |   127 |   134 |   463 |   313 ||  1037
Evoke: Wand              |       |       |       |     1 ||     1
  Use: Potion            |       |     1 |     8 |     4 ||    13
       Scroll            |       |       |    10 |     6 ||    16
 Stab: Sleeping          |    12 |    13 |    35 |    27 ||    87
       Distracted        |       |       |     1 |     2 ||     3
  Eat: Chunk             |     1 |     6 |    13 |    11 ||    31
Armor: Robe              |    28 |    18 |    70 |    37 ||   153
       Skin              |       |    10 |       |       ||    10
Dodge: Dodged            |   102 |    44 |   262 |   186 ||   594
